 Dungeon Crawl Stone Soup version 0.24-a0-312-g16217b4 (webtiles) character file.

Game seed: 10003737340141614496

10497 nikopol the Thaumaturge (level 11, -1/56 HPs)
             Began as a Deep Elf Fire Elementalist on May 15, 2019.
             Was a Priest of Vehumet.
             Slain by a very large slime creature (52 damage)
             ... on level 11 of the Dungeon.
             The game lasted 00:36:35 (11710 turns).

nikopol the Thaumaturge (DEFE)                     Turns: 11710, Time: 00:36:36

Health: -1/56      AC: 14    Str:  4    XL:     11   Next: 37%
Magic:  7/30       EV: 15    Int: 23    God:    Vehumet [***...]
Gold:   539        SH:  5    Dex: 16    Spells: 19/37 levels left

rFire    . . .     SeeInvis .   s - +0 dagger (elec)
rCold    . . .     Gourm    .   G - +1 buckler {AC+3}
rNeg     + + .     Faith    .   B - +2 robe {rN+}
rPois    +         Spirit   .   m - +0 helmet
rElec    .         Reflect  .   v - +2 ratskin cloak {+Rats rPois rN+ Str-1 Int-1 Dex+1}
rCorr    .         Harm     .   (no gloves)
MR       ++...                  y - +2 pair of boots
Stlth    +++.......             (no amulet)
HPRegen  0.18/turn              o - ring of protection from magic
MPRegen  0.22/turn              (no ring)

@: no status effects
A: no striking features
a: Renounce Religion, Evoke Ratskin


You were on level 11 of the Dungeon.
You worshipped Vehumet.
Vehumet was most pleased with you.
You were not hungry.

You visited 2 branches of the dungeon, and saw 12 of its levels.

You collected 753 gold pieces.
You spent 214 gold pieces at shops.

Inventory:

Hand Weapons
 s - a +0 dagger of electrocution (weapon)
Armour
 m - a +0 helmet (worn)
 v - the +2 ratskin cloak (worn) {+Rats rPois rN+ Str-1 Int-1 Dex+1}
   (You found it on level 5 of the Dungeon)

   It affects your strength (-1).
   It affects your intelligence (-1).
   It affects your dexterity (+1).
   It protects you from poison.
   It protects you from negative energy.
 y - a +2 pair of boots (worn)
 B - a +2 robe of positive energy (worn)
 D - the +0 leather armour of Lemmeocs {+Inv rC+ MR+}
   (You found it on level 7 of the Dungeon)

   It protects you from cold.
   It affects your resistance to hostile enchantments.
   It lets you turn invisible.
 G - a +1 buckler of protection (worn)
Jewellery
 o - a ring of protection from magic (left hand)
 C - an uncursed ring of flight
 N - an uncursed amulet of magic regeneration {unknown}
Wands
 a - a wand of paralysis (15)
 I - a wand of polymorph (8)
 J - a wand of enslavement (7)
 L - a wand of iceblast (6)
Scrolls
 d - 3 scrolls of teleportation
 e - 3 scrolls of remove curse
 g - a scroll of random uselessness {unknown}
 j - 2 scrolls of magic mapping {unknown}
 k - 6 scrolls of identify {unknown}
 l - 4 scrolls of enchant armour {unknown}
 p - a scroll of fear {unknown}
 q - a scroll of enchant weapon {unknown}
 u - 4 scrolls of immolation {unknown}
 w - a scroll of amnesia {unknown}
 A - a scroll of brand weapon {unknown}
 E - a scroll of torment {unknown}
 H - a scroll of noise {unknown}
 K - a scroll of blinking {unknown}
Potions
 b - a potion of flight {unknown}
 f - 4 potions of heal wounds {unknown}
 h - 3 potions of curing {unknown}
 i - 3 potions of agility {unknown}
 n - 2 potions of cancellation {unknown}
 r - 3 potions of haste
 t - 3 potions of lignification {unknown}
 x - 2 potions of invisibility {unknown}
 z - a potion of degeneration {unknown}
 F - a potion of ambrosia {unknown}
Comestibles
 c - 28 rations
 M - 7 chunks of flesh


   Skills:
 + Level 1.1 Fighting
 + Level 5.3 Dodging
 + Level 4.3 Stealth
 * Level 1.8 Shields
 + Level 13.5 Spellcasting
 + Level 10.4 Conjurations
 + Level 10.4 Fire Magic
 + Level 0.7 Ice Magic
 + Level 2.5 Evocations


You had 19 spell levels left.
You knew the following spells:

 Your Spells              Type           Power        Failure   Level  Hunger
a - Flame Tongue          Conj/Fire      #####        1%          1    None
b - Throw Flame           Conj/Fire      ######       1%          2    None
c - Conjure Flame         Conj/Fire      ######..     1%          3    None
d - Sticky Flame          Conj/Fire      ######..     1%          4    None
e - Fireball              Conj/Fire      ######....   1%          5    ###....
f - Freeze                Ice            ###.         1%          1    None
g - Blink                 Tloc           N/A          8%          2    None

Your spell library contained the following spells:

 Spells                   Type           Power        Failure   Level  Hunger
 Airstrike                Air            ###.......   13%         4    None
 Magic Dart               Conj           ####         1%          1    None
 Inner Flame              Hex/Fire       #####...     1%          3    None
 Mephitic Cloud           Conj/Pois/Air  ####....     1%          3    None
 Call Imp                 Summ           ###.....     8%          2    None
 Slow                     Hex            ###.....     8%          2    None


Dungeon Overview and Level Annotations

Branches:
Dungeon (11/15)            Temple (1/1) D:7            Lair (0/6) D:11
    Orc (0/2) D:9

Altars:
Ashenzari
Cheibriados
Dithmenos
Elyvilon
Fedhas
Kikubaaqudgha
Makhleb
Nemelex Xobeh
Okawaru
Sif Muna
Trog
Uskayaw
Vehumet
Wu Jian
Xom
Yredelemnul
Zin

Shops:
D:4 }   D:5 (   D:9 [


Message History

Casting: Flame Tongue (safe; 1% risk of failure)
Confirm with . or Enter, or press ? or * to list all spells.
Aiming: Flame Tongue (safe; 1% risk of failure)
Press: ? - help, Shift-Dir - straight line, f/p - large slime creature
Aim: a large slime creature (flame, moderately wounded, covered in liquid flames)
The flame tongue hits the large slime creature.
The large slime creature is heavily wounded.
The slime creature burns!
You kill the slime creature!
Vehumet accepts your kill.
The large slime creature burns!
Two slime creatures merge to form a very large slime creature.
The very large slime creature burns!
The very large slime creature is engulfed in blazing flames.
The very large slime creature burns!
The very large slime creature burns!
The slime creature is engulfed in blazing flames.
The very large slime creature hits you!!!
Ouch! That really hurt!
You die...

......
#.........####.....
###+# ##)########
#####† #<.# #. ###(##
#. ##...# ## #..### #
##'########## #####
#...........#######....
#.....@.....+.......###
#......J..>.######### #
#<......J...# #
#########§### # #..# #
#:## # .. # ..# # #$# #


You could see a very large slime creature (burning) and a slime creature.

Vanquished Creatures
  A two-headed ogre (D:8)
  Pikel (D:9)
  A gargoyle (D:11)
  Prince Ribbit (D:7)
  3 hornets
  2 slime creatures (D:11)
  A hippogriff (D:7)
  Sigmund (D:4)
  A wyvern (D:9)
  4 yaks (D:9)
  A wraith (D:10)
  A hungry ghost (D:8)
  Menkaure (D:4)
  2 soldier ants (D:9)
  Duvessa (D:7)
  7 orc warriors
  A sky beast (D:6)
  2 ice beasts
  3 black bears
  An eye of draining (D:11)
  4 ogres
  A necrophage (D:11)
  5 centaurs
  2 phantoms
  2 big kobolds
  7 bullfrogs
  Dowan (D:7)
  5 scorpions
  14 killer bees
  8 wights (D:8)
  4 howler monkeys
  3 crimson imps
  A centaur zombie (D:9)
  4 jellies
  3 quasits
  A bullfrog zombie (D:9)
  11 orc wizards
  4 orc priests
  A bullfrog skeleton (D:4)
  5 hounds
  An iguana (D:10)
  Terence (D:3)
  Natasha (twice) (D:3)
  16 worker ants
  A hell rat (D:5)
  A worker ant zombie (D:10)
  Robin (D:3)
  7 gnolls
  14 adders
  6 river rats (D:5)
  3 shadow imps
  An ufetubus (D:9)
  An ooze (D:5)
  2 adder zombies
  4 adder skeletons
  3 worms
  4 leopard geckos
  37 orcs
  3 ball pythons
  A giant cockroach (D:1)
  9 goblins (D:3)
  8 hobgoblins
  8 jackals
  13 kobolds
  6 quokkas
  4 bats
  2 frilled lizards (D:1)
  2 leopard gecko skeletons
  A quokka skeleton (D:4)
  A quokka zombie (D:5)
  18 rats
303 creatures vanquished.

Vanquished Creatures (collateral kills)
  2 crimson imps
2 creatures vanquished.

Vanquished Creatures (others)
  A withered plant (D:4)
1 creature vanquished.

Grand Total: 306 creatures vanquished

Notes
Turn   | Place    | Note
-------+----------+-------------------------------------------
     0 | D:1      | nikopol the Deep Elf Fire Elementalist began the quest for
                  | the Orb.
     0 | D:1      | Reached XP level 1. HP: 10/10 MP: 6/6
   291 | D:1      | Reached XP level 2. HP: 15/15 MP: 6/8
   978 | D:2      | Reached XP level 3. HP: 19/19 MP: 6/9
   983 | D:2      | Learned a level 2 spell: Throw Flame
   987 | D:2      | Learned a level 3 spell: Conjure Flame
  1278 | D:3      | Found a blossoming altar of Fedhas.
  1289 | D:3      | Noticed Natasha
  1459 | D:3      | Killed Natasha
  1730 | D:3      | Reached skill level 4 in Spellcasting
  1730 | D:3      | Reached XP level 4. HP: 24/24 MP: 9/12
  1791 | D:3      | Noticed Terence
  1801 | D:3      | Killed Terence
  1984 | D:3      | Reached XP level 5. HP: 12/28 MP: 1/14
  1993 | D:3      | Learned a level 4 spell: Sticky Flame
  2255 | D:3      | Noticed Robin
  2287 | D:3      | Killed Robin
  2537 | D:3      | Noticed Natasha
  2544 | D:3      | Killed Natasha
  2932 | D:4      | Reached skill level 5 in Spellcasting
  2934 | D:4      | Reached XP level 6. HP: 32/32 MP: 2/15
  3088 | D:4      | Learned a level 5 spell: Fireball
  3178 | D:4      | Reached skill level 5 in Fire Magic
  3291 | D:4      | Noticed Sigmund
  3366 | D:4      | Reached XP level 7. HP: 36/36 MP: 11/17
  3371 | D:3      | Reached skill level 6 in Spellcasting
  3728 | D:4      | Reached skill level 5 in Conjurations
  3796 | D:4      | Found a basalt altar of Yredelemnul.
  4052 | D:4      | Killed Sigmund
  4052 | D:4      | Reached skill level 7 in Spellcasting
  4052 | D:4      | Reached XP level 8. HP: 35/41 MP: 7/21
  4099 | D:4      | Noticed Menkaure
  4120 | D:4      | Killed Menkaure
  4277 | D:4      | Found Zishrauv's Gadget Emporium.
  4286 | D:4      | You fall through a shaft for 2 floors!
  4314 | D:6      | Reached skill level 8 in Spellcasting
  4333 | D:5      | Entered Level 5 of the Dungeon
  4591 | D:5      | Found the +2 ratskin cloak {+Rats rPois rN+ Str-1 Int-1
                  | Dex+1}
  4818 | D:5      | Found Tinadol's Antique Weapon Boutique.
  5281 | D:5      | Reached skill level 9 in Spellcasting
  5856 | D:6      | Reached XP level 9. HP: 46/46 MP: 16/24
  5860 | D:6      | Learned a level 2 spell: Blink
  5904 | D:6      | Found a shadowy altar of Dithmenos.
  5904 | D:6      | Found a sparkling altar of Nemelex Xobeh.
  6425 | D:7      | Noticed Prince Ribbit
  6431 | D:7      | Killed Prince Ribbit
  6491 | D:7      | Reached skill level 1 in Fighting
  6510 | D:7      | Reached skill level 10 in Spellcasting
  6821 | D:7      | Found a staircase to the Ecumenical Temple.
  6831 | Temple   | Entered the Ecumenical Temple
  6881 | Temple   | Became a worshipper of Vehumet
  7069 | D:7      | Noticed Duvessa
  7074 | D:7      | Noticed Dowan
  7079 | D:7      | Killed Duvessa
  7079 | D:7      | Killed Dowan
  7521 | D:7      | Got a steaming leather armour
  7532 | D:7      | Identified the cursed +0 leather armour of Lemmeocs {+Inv
                  | rC+ MR+} (You found it on level 7 of the Dungeon)
  7563 | D:8      | Reached skill level 11 in Spellcasting
  7794 | D:8      | Reached XP level 10. HP: 52/52 MP: 4/27
  7948 | D:8      | Reached * piety under Vehumet
  7948 | D:8      | Offered knowledge of Shock by Vehumet.
  8030 | D:8      | Noticed a two-headed ogre
  8034 | D:8      | Killed a two-headed ogre
  8259 | D:8      | Reached skill level 1 in Evocations
  8473 | D:9      | Reached skill level 12 in Spellcasting
  8729 | D:9      | Offered knowledge of Freeze by Vehumet.
  8878 | D:9      | Found a bloodstained altar of Trog.
  8881 | D:9      | Reached ** piety under Vehumet
  9131 | D:9      | Reached skill level 10 in Fire Magic
  9527 | D:9      | Found Kuodafy's Armour Boutique.
  9527 | D:9      | Found a staircase to the Orcish Mines.
  9558 | D:9      | Reached skill level 5 in Dodging
  9652 | D:9      | Bought a +1 buckler of protection for 214 gold pieces
  9735 | D:9      | Learned a level 1 spell: Freeze
 10022 | D:9      | Noticed Pikel
 10032 | D:9      | Killed Pikel
 10032 | D:9      | Reached XP level 11. HP: 56/56 MP: 20/29
 10206 | D:10     | Entered Level 10 of the Dungeon
 10227 | D:10     | Reached skill level 1 in Shields
 10334 | D:10     | Reached skill level 13 in Spellcasting
 10548 | D:10     | Found an iron altar of Okawaru.
 10561 | D:10     | Reached skill level 10 in Conjurations
 10567 | D:10     | Offered knowledge of Dazzling Spray by Vehumet.
 10972 | D:10     | Reached *** piety under Vehumet
 11548 | D:11     | Offered knowledge of Airstrike by Vehumet.
 11688 | D:11     | Found a staircase to the Lair.
 11710 | D:11     | Slain by a very large slime creature

Levels and vault maps discovered:
D:1:      wander_arrival_abandoned_jail, layout_basic
D:2:      layout_basic
D:3:      layout_loops_ring, first_ration, fedhas_altar_2, uniq_robin,
          uniq_terence, uniq_natasha
D:4:      layout_basic, yredelemnul_altar_generic, serial_shops, shop,
          uniq_menkaure, uniq_sigmund
D:5:      wander_guarded_unrand_ratskin, layout_loops_ring, serial_shops, shop
D:6:      layout_basic, chequers_temple_overflow_statue_of_worship
D:7:      layout_cave_pools, minmay_temple_entry_butterflies, uniq_duvessa,
          uniq_prince_ribbit1
D:8:      layout_rooms
D:9:      layout_long_grid, trog_ov_bears_minmay, orc_david_3,
          hangedman_pestilent_swarm, nicolae_straight_to_the_point, uniq_pikel
D:10:     layout_loops_corners, okawaru_trees_1
D:11:     layout_roguey, lair_entry_dummy, mrwooster_statue_mirror
Temple:   regret_index_temple_mists

Skill      XL: |  1  2  3  4  5  6  7  8  9 10 11 |
---------------+----------------------------------+-----
Fire Magic     | 4 5 6 7 9 10 | 10.4
Conjurations   | 2 3 4 5 6 8 9 10 | 10.4
Stealth        | 3 4 |  4.3
Spellcasting   | 4 5 7 9 11 12 13 | 13.5
Dodging        | 3 4 5 |  5.3
Fighting       | 1 |  1.1
Evocations     | 2 |  2.5
Shields        | 1 |  1.8
Ice Magic      | |  0.7

Action                   |  1- 3 |  4- 6 |  7- 9 | 10-12 || total
-------------------------+-------+-------+-------+-------++-------
Melee: Dagger            |       |     1 |    12 |     4 ||    17
 Cast: Flame Tongue      |    47 |    84 |   205 |   181 ||   517
       Throw Flame       |     1 |     5 |     6 |     1 ||    13
       Conjure Flame     |       |     2 |     5 |     2 ||     9
       Sticky Flame      |       |     5 |    46 |    49 ||   100
       Fireball          |       |       |     8 |    42 ||    50
       Freeze            |       |       |       |     6 ||     6
 Abil: Evoke Ratskin     |       |       |     3 |     1 ||     4
Evoke: Wand              |       |       |       |     2 ||     2
  Use: Scroll            |       |     1 |     1 |     2 ||     4
  Eat: Chunk             |     2 |     6 |    17 |    11 ||    36
       Ration            |       |       |       |     2 ||     2
Armor: Robe              |     6 |     4 |    14 |    33 ||    57
Dodge: Dodged            |    12 |    16 |    73 |    66 ||   167
Block: Buckler           |       |       |       |    12 ||    12

Table legend:
 A = Non-vault XP
 B = Vault XP
 C = Vault XP percentage of total XP
 D = Non-vault monster count
 E = Vault monster count
 F = Vault count percentage of total count
                 A         B        C        D         E       F
            +---------+---------+-------+---------+---------+-------
      Total |   11576 |    3421 |  22.8 |     253 |      52 |  17.0
            +---------+---------+-------+---------+---------+-------
        D:1 |      19 |       0 |   0.0 |      12 |       0 |   0.0
        D:2 |      28 |       0 |   0.0 |       9 |       0 |   0.0
        D:3 |     249 |     100 |  28.7 |      22 |      12 |  35.3
        D:4 |     864 |     396 |  31.4 |      25 |       2 |   7.4
        D:5 |     583 |     125 |  17.7 |      19 |      21 |  52.5
        D:6 |     953 |       0 |   0.0 |      23 |       0 |   0.0
        D:7 |    1223 |     506 |  29.3 |      27 |       3 |  10.0
        D:8 |    2690 |       0 |   0.0 |      39 |       0 |   0.0
        D:9 |    1458 |    2294 |  61.1 |      23 |      14 |  37.8
       D:10 |    1648 |       0 |   0.0 |      35 |       0 |   0.0
       D:11 |    1861 |       0 |   0.0 |      19 |       0 |   0.0
            +---------+---------+-------+---------+---------+-------
